Map: Habitation Station LE (Void)

Players

Namshar - Winner!

  • Race: Zerg Zerg
  • Spawn Location: 11:00

DeMusliM

  • Race: Terran Terran
  • League: Master
  • Spawn Location: 1:00

Event: WESG 2016 Finals

VOD

Have the link to the VOD?

Description

Time

  • Played on: Jan. 12, 2017, 12:59 a.m.
  • Length: 14:53

All games in this series

Show
View Real Time Build Order
Export as new Build Order

Namshar Zerg - Winner!

Build Orders: Hatch First, Muta Ling Bane 

Get SALT Encoding   

  12  0:00  Drone  
  13  0:12  Overlord  
  13  0:17  Drone  
  14  0:31  Drone x2  
  14  0:34  Drone  
  17  0:52  Hatchery  
  17  0:54  Drone  
  17  0:57  Drone  
  18  1:08  Extractor  
  17  1:12  Spawning Pool  
  17  1:15  Drone  
  17  1:18  Drone  
  18  1:28  Drone  
  19  1:38  Overlord  
  19  1:49  Drone  
  20  1:59  Queen  
  20  2:00  Zergling x2  
  23  2:03  Queen  
  23  2:04  Zergling x2  
  23  2:08  Metabolic Boost  
  26  2:11  Drone  
  27  2:15  Drone  
  27  2:22  Drone  
  29  2:25  Overlord  
  29  2:32  Drone  
  29  2:35  Queen  
  32  2:37  Drone  
  33  2:46  Drone  
  33  2:47  Drone  
  35  2:54  Overlord  
  35  2:59  Drone  
  36  3:07  Drone x3  
  36  3:08  Drone  
  40  3:13  Drone  
  40  3:14  Drone x3  
  44  3:20  Drone  
  45  3:34  Hatchery  
  45  3:36  Drone x2  
  45  3:37  Overlord  
  46  3:44  Queen  
  46  3:45  Queen  
  46  3:47  Drone x2  
  52  3:51  Evolution Chamber  
  52  3:54  Evolution Chamber  
  50  3:57  Drone x2, Extractor  
  50  3:58  Drone  
  50  4:01  Overlord  
  52  4:07  Overlord  
  52  4:20  Queen  
  52  4:21  Queen  
  52  4:23  Zerg Ground Armor Level 1, Zerg Melee Weapons Level 1  
  56  4:26  Drone  
  56  4:27  Drone  
  56  4:29  Drone x2  
  56  4:30  Overlord  
  60  4:32  Zergling x4  
  60  4:33  Zergling x2  
  60  4:34  Zergling x2  
  64  4:43  Zergling x4  
  66  4:46  Queen  
  66  4:50  Zergling x6  
  71  4:53  Zergling x6  
  71  4:55  Zergling x4  
  71  4:58  Zergling x2  
  77  5:01  Overlord  
  77  5:04  Lair  
  77  5:18  Drone  
  77  5:19  Drone x3, Overlord  
  77  5:21  Drone x4  
  84  5:33  Overlord x2  
  83  5:47  Spore Crawler  
  82  5:55  Queen  
  81  6:00  Zergling x6  
  81  6:01  Zergling x14  
  81  6:03  Hatchery  
  89  6:05  Drone  
  89  6:08  Baneling Nest  
  85  6:18  Hatchery  
  85  6:20  Queen  
  85  6:21  Drone  
  85  6:23  Drone, Extractor  
  85  6:24  Zerg Ground Armor Level 2, Zerg Melee Weapons Level 2  
  85  6:25  Drone x3, Extractor  
  88  6:26  Drone x3  
  88  6:27  Zergling x8  
  96  6:33  Zergling x2  
  96  6:34  Zergling x4  
  97  6:40  Queen  
  97  6:43  Drone x3, Extractor  
  97  6:44  Drone  
  97  6:46  Drone x3, Extractor  
  104  6:51  Centrifical Hooks, Overlord  
  103  6:58  Zergling x2  
  103  6:59  Zergling x8  
  106  7:11  Zergling x12  
  106  7:14  Spore Crawler  
  111  7:17  Drone x2  
  111  7:18  Drone  
  114  7:25  Baneling x10  
  114  7:46  Overlord  
  114  7:47  Overlord x8  
  112  7:57  Overlord x3  
  110  8:01  Spire  
  110  8:04  Overlord x3  
  109  8:05  Infestation Pit  
  109  8:09  Baneling x10  
  109  8:10  Baneling  
  106  8:16  Queen  
  105  8:23  Drone x2  
  105  8:24  Drone x6  
  112  8:30  Queen  
  112  8:31  Drone  
  112  8:32  Drone x9  
  124  8:49  Extractor x2  
  124  8:51  Baneling  
  124  8:52  Baneling x5  
  122  8:56  Hive  
  122  8:57  Drone x3  
  122  8:58  Hatchery, Zergling x2  
  122  8:59  Zergling x8  
  129  9:06  Zergling x2  
  129  9:07  Zergling x14  
  136  9:30  Zerg Flyer Weapons Level 1, Mutalisk x6  
  136  9:31  Mutalisk x6  
  158  9:41  Drone  
  158  9:42  Spore Crawler  
  158  9:45  Zergling x24  
  170  9:46  Pneumatized Carapace  
  170  9:47  Overseer  
  170  9:48  Overseer  
  170  9:51  Zergling x8  
  174  9:58  Zergling x10  
  173  10:00  Baneling x7  
  173  10:11  Zerg Ground Armor Level 3, Zerg Melee Weapons Level 3  
  173  10:15  Adrenal Glands  
  173  10:27  Drone  
  173  10:29  Ultralisk Cavern  
  168  11:16  Chitinous Plating  
  168  11:17  Ultralisk x3  
  168  11:18  Ultralisk x2  
  198  11:25  Spore Crawler  
  181  11:27  Ultralisk  
  181  11:30  Ultralisk  
  181  11:43  Ultralisk  
  181  11:44  Zergling x22  
  181  11:46  Zergling x4  
  200  11:49  Baneling x9  
  200  11:50  Baneling  
  200  11:53  Drone, Extractor  
  200  11:59  Greater Spire  
  200  12:10  Baneling  
  200  12:11  Baneling x2  
  197  12:32  Corruptor  
  159  13:11  Ultralisk x3, Zergling x8  
  159  13:12  Corruptor x7, Zergling x16  
  185  13:37  Corruptor x4  
  179  13:58  Brood Lord x3  
  179  13:59  Brood Lord  
  180  14:06  Brood Lord x3  
  180  14:08  Zergling x20  
  180  14:09  Zergling x8  
  199  14:27  Overseer  
  199  14:28  Overseer  
  199  14:32  Spore Crawler, Extractor  
  199  14:38  Spore Crawler  
  196  14:43  Hatchery  
  199  14:47  Spore Crawler  
Show
View Real Time Build Order
Export as new Build Order

DeMusliM Terran 

Build Orders: Reaper Expand, Bio Mine 

Get SALT Encoding   

  12  0:00  SCV  
  13  0:12  SCV  
  14  0:17  Supply Depot  
  14  0:24  SCV  
  15  0:39  SCV  
  15  0:40  Barracks  
  16  0:44  Refinery  
  16  0:51  SCV  
  17  1:03  SCV  
  18  1:15  SCV  
  19  1:27  Orbital Command  
  19  1:28  Reaper  
  20  1:38  Command Center  
  20  1:50  Barracks  
  20  1:53  SCV  
  21  2:00  Barracks Reactor  
  21  2:05  SCV  
  22  2:10  Supply Depot  
  22  2:13  Refinery  
  22  2:17  SCV  
  23  2:25  Factory  
  23  2:32  SCV  
  23  2:36  Marine x2  
  26  2:39  Barracks Tech Lab  
  26  2:44  SCV  
  26  2:51  Orbital Command  
  27  2:54  Marine x2  
  27  2:56  SCV  
  30  3:00  Marine  
  31  3:07  Stimpack  
  31  3:08  SCV  
  32  3:13  Marine x2  
  32  3:18  Marine  
  35  3:22  Starport  
  35  3:26  SCV  
  36  3:30  Factory Reactor  
  36  3:33  SCV  
  37  3:36  Marine  
  37  3:39  Marine, Supply Depot  
  38  3:41  Marine  
  38  3:46  SCV  
  38  3:47  SCV  
  41  3:51  Engineering Bay  
  41  3:54  Marine  
  42  3:57  Marine  
  42  3:58  SCV  
  42  3:59  SCV  
  45  4:02  Marine  
  45  4:09  Medivac x2  
  50  4:14  Marine x2  
  52  4:18  Terran Infantry Weapons Level 1  
  52  4:22  Marine  
  54  4:25  SCV, Supply Depot  
  54  4:30  Supply Depot  
  54  4:46  Marine x3, SCV x2, Medivac  
  54  4:50  Supply Depot  
  61  4:55  Viking  
  61  4:58  SCV x2  
  65  5:04  Marine x2  
  67  5:10  SCV x2  
  69  5:15  Marine  
  70  5:22  Marine  
  70  5:23  SCV x2  
  70  5:24  Combat Shields  
  70  5:26  Command Center  
  73  5:35  SCV x2  
  75  5:38  Factory Reactor  
  75  5:46  Supply Depot x2  
  75  5:47  Refinery, SCV x2  
  77  5:53  Marine  
  78  6:04  Marine, SCV  
  78  6:05  Barracks, SCV  
  78  6:06  Barracks  
  78  6:07  Refinery  
  78  6:08  Barracks  
  77  6:16  SCV  
  77  6:17  SCV  
  76  6:19  Marine, Marauder  
  79  6:27  Supply Depot  
  79  6:28  SCV, Armory  
  79  6:29  SCV  
  79  6:30  Terran Infantry Armor Level 1  
  81  6:35  Marine  
  82  6:40  SCV  
  82  6:41  SCV  
  82  6:42  Widow Mine x2  
  82  6:46  Medivac  
  90  6:49  Marine  
  90  6:50  Marine  
  90  6:52  SCV  
  90  6:53  SCV  
  94  6:57  Medivac  
  94  7:00  Marine  
  94  7:01  Barracks Reactor x2  
  97  7:04  Barracks Reactor  
  97  7:17  Marine, Marauder, Supply Depot, Engineering Bay  
  100  7:25  Marine  
  100  7:27  Medivac x2  
  105  7:35  Marine  
  106  7:38  Marine  
  106  7:39  Marine  
  106  7:42  Widow Mine x2  
  106  7:43  Marine  
  113  7:47  Marine  
  113  7:49  Marine x2  
  109  7:53  Marine  
  109  7:57  Marauder  
  106  7:58  Marine  
  106  7:59  Marine  
  106  8:03  Orbital Command  
  106  8:04  Terran Infantry Weapons Level 2, Orbital Command  
  108  8:06  Marine x2  
  108  8:08  Marine x2  
  108  8:10  Marine  
  108  8:11  Marine, Widow Mine x2  
  118  8:18  Marauder  
  120  8:24  Marine x2  
  118  8:29  Orbital Command  
  118  8:31  Marine  
  118  8:36  Terran Infantry Armor Level 2  
  118  8:39  Marauder  
  118  8:40  SCV  
  121  8:42  Marine x2  
  121  8:45  Marine x2  
  125  8:49  Supply Depot  
  125  8:51  Marine x2  
  125  8:52  SCV  
  128  8:55  Bunker  
  128  8:58  SCV x2  
  128  9:02  Refinery  
  130  9:05  SCV  
  130  9:06  Marauder  
  130  9:09  Terran Vehicle And Ship Armor Level 1  
  133  9:10  Marine x4  
  133  9:13  Marine x2  
  139  9:22  Marine  
  140  9:25  Command Center  
  140  9:27  Marine  
  141  9:33  Supply Depot  
  141  9:37  Barracks, Supply Depot x2  
  141  9:38  Barracks, Widow Mine x2  
  141  9:39  Marine, Marauder  
  141  9:42  SCV  
  149  9:47  Concussive Shells  
  149  9:48  Marine x3, SCV  
  149  9:51  Marine  
  154  9:54  Liberator  
  154  9:55  Liberator  
  154  9:58  Marine  
  152  10:01  Marauder  
  152  10:02  Marine x2  
  156  10:09  Factory  
  156  10:10  Widow Mine  
  156  10:11  Widow Mine  
  166  10:15  Marine x2  
  166  10:19  Marine x2  
  170  10:22  Marauder  
  168  10:28  Marine x2  
  168  10:32  Missile Turret  
  168  10:34  Missile Turret  
  163  10:39  Marine x3  
  164  10:44  Marauder  
  164  10:47  SCV  
  164  10:48  Marine x2  
  170  10:50  Widow Mine x2  
  170  10:54  SCV x2  
  170  10:55  Missile Turret  
  175  10:59  Terran Infantry Weapons Level 3  
  175  11:02  SCV, Factory Tech Lab  
  176  11:09  Terran Vehicle And Ship Armor Level 2  
  176  11:11  Missile Turret x2  
  174  11:16  SCV x3  
  174  11:26  Marine x2, Marauder  
  174  11:27  Barracks Tech Lab  
  174  11:28  Barracks Tech Lab  
  174  11:29  Planetary Fortress  
  178  11:35  SCV x3  
  177  11:40  Marine  
  177  11:41  Marine, Widow Mine  
  181  11:47  SCV x2  
  181  11:48  Marauder x2  
  187  11:58  Missile Turret  
  187  11:59  Thor  
  187  12:00  Missile Turret  
  193  12:02  Drilling Claws  
  193  12:07  SCV  
  193  12:08  SCV  
  195  12:23  Marine  
  195  12:28  Supply Depot  
  196  12:32  Liberator  
  196  12:39  Barracks  
  196  12:49  Marine  
  196  12:50  Liberator  
  200  12:56  Marauder  
  200  12:57  Marine x2  
  200  12:59  Marauder, Starport  
  200  13:00  Marauder, Starport  
  166  13:06  Marine  
  166  13:07  Marine x4, Widow Mine x2  
  166  13:08  Thor  
  166  13:09  Marine  
  168  13:15  Liberator  
  168  13:17  Marine x2  
  166  13:20  Liberator  
  166  13:21  Marauder  
  166  13:24  Marine  
  166  13:25  Marine  
  166  13:29  Unknown x4  
  166  13:34  Orbital Command  
  149  13:35  Marine x3  
  149  13:37  Liberator, Widow Mine  
  149  13:40  Refinery  
  147  13:41  Refinery  
  147  13:42  Marauder  
  140  13:58  SCV  
  140  14:01  Marine x2  
  127  14:04  Marauder  
  127  14:07  Marine  
  127  14:08  SCV x2  
  132  14:10  SCV  
  132  14:13  Marine, Command Center  
  132  14:14  Marine x3  
  132  14:15  Widow Mine x2  
  141  14:17  Barracks Tech Lab  
  141  14:20  SCV x2  
  141  14:22  SCV  
  144  14:25  Marauder  
  146  14:32  SCV  
  146  14:33  SCV  
  146  14:34  SCV  
Tags
 
Add a new tag
Caveats
  • Supply blocks, unpowered buildings, or Contaminate may cause inaccurate times.
  • Supply counts are checked every 10 seconds.